Map: Orbital Shipyard

Players

LilDicky

  • Race: Terran Terran
  • League: Diamond

Shasta - Winner!

  • Race: Terran Terran
  • League: Platinum

VOD

http://www.twitch.tv/tumescentpie

Description

Time

  • Played on: Nov. 26, 2015, 1:04 p.m.
  • Length: 12:25
Show
View Real Time Build Order
Export as new Build Order

LilDicky Terran 

Build Orders: Bio Tank, MMM Bio 

Get SALT Encoding   

  12  0:01  SCV  
  13  0:13  SCV  
  14  0:18  Supply Depot  
  14  0:26  Refinery  
  14  0:27  SCV  
  15  0:40  SCV  
  16  0:45  Barracks  
  16  0:52  SCV  
  17  1:04  SCV  
  18  1:16  SCV  
  19  1:20  Barracks  
  19  1:28  SCV  
  19  1:32  Supply Depot  
  20  1:33  Reaper  
  21  1:40  Orbital Command  
  21  1:51  Barracks  
  21  2:05  Reaper, Refinery  
  22  2:10  Reaper  
  23  2:18  SCV  
  24  2:30  Supply Depot  
  24  2:31  SCV  
  25  2:37  Reaper  
  25  2:41  Reaper  
  25  2:43  Reaper  
  27  2:44  SCV  
  28  2:55  Command Center  
  28  2:57  SCV  
  29  3:09  SCV, Reaper  
  31  3:13  Reaper  
  32  3:27  Reaper  
  32  3:29  SCV  
  34  3:37  Refinery  
  35  3:41  Reaper  
  35  3:42  SCV  
  35  3:45  Reaper  
  35  3:47  Refinery  
  37  3:53  Engineering Bay  
  37  3:54  SCV  
  38  3:56  Supply Depot  
  38  3:59  Reaper  
  39  4:07  SCV  
  37  4:32  SCV  
  37  4:38  Marine  
  36  4:49  Command Center, Factory  
  34  5:05  Marine x3  
  34  5:06  SCV  
  34  5:07  Orbital Command  
  38  5:15  Terran Infantry Weapons Level 1  
  38  5:19  Missile Turret  
  38  5:23  Marine x2  
  38  5:26  SCV  
  42  5:29  Barracks  
  42  5:30  Barracks  
  41  5:38  Factory Reactor  
  41  5:40  Barracks Reactor  
  41  5:41  Starport  
  42  5:42  Barracks Tech Lab  
  42  5:43  Barracks Tech Lab  
  42  5:44  Factory Tech Lab  
  42  5:45  SCV  
  42  5:47  SCV  
  42  5:48  Supply Depot  
  43  5:57  SCV  
  43  6:00  SCV  
  43  6:01  Orbital Command  
  45  6:06  Marine x2  
  47  6:13  Combat Shields, Stimpack  
  47  6:15  SCV x2  
  47  6:18  Factory Tech Lab  
  49  6:21  Marine x2  
  49  6:22  Barracks Reactor x2, Missile Turret  
  49  6:24  Marine x2  
  49  6:35  SCV  
  49  6:38  Marine  
  52  6:41  Marine  
  52  6:45  Banshee, Siege Tank  
  52  6:46  Marine x2  
  60  6:59  Marine  
  52  7:06  Marine x2  
  52  7:08  Cloaking Field  
  45  7:09  Marine x2  
  45  7:13  Supply Depot, Marine x2  
  48  7:17  Siege Tank, Marine  
  51  7:24  Marine x2  
  51  7:26  Marine  
  47  7:36  Banshee  
  42  7:39  SCV x2, Orbital Command  
  43  7:44  Marine x3  
  43  7:45  Marine x4  
  43  7:47  Command Center  
  50  7:51  SCV x2  
  52  8:02  Marine  
  52  8:03  SCV x2  
  52  8:04  Barracks Reactor, Marine x2  
  57  8:09  SCV  
  58  8:15  SCV x2, Siege Tank  
  58  8:17  Concussive Shells, Marine x2  
  65  8:21  SCV  
  66  8:27  Banshee, SCV  
  66  8:28  SCV  
  66  8:32  Marauder, Marine x2  
  75  8:36  Marauder  
  76  8:52  Siege Tank  
  77  8:57  Supply Depot  
  77  8:59  Marauder x2, Marine x2  
  83  9:03  Supply Depot  
  83  9:04  Supply Depot  
  83  9:06  Supply Depot x2, Terran Infantry Armor Level 1  
  83  9:13  Engineering Bay  
  83  9:17  SCV  
  83  9:18  Marine x2  
  83  9:19  Marine  
  83  9:20  Armory, Marauder  
  83  9:21  Marauder  
  83  9:22  Orbital Command  
  88  9:45  Marine x2  
  90  9:57  Marine x2  
  90  9:58  Banshee, Marauder x2  
  96  10:02  Marine  
  96  10:03  Marine  
  98  10:08  SCV, Marine  
  98  10:09  Marine  
  98  10:10  Siege Tank  
  98  10:11  SCV  
  79  10:39  Marine x2  
  79  10:40  Marauder  
  79  10:41  SCV, Marauder  
  79  10:42  SCV x3  
  89  10:44  Marine x2  
  90  10:53  SCV  
  91  11:02  Marauder  
  91  11:13  Marine x2  
  91  11:14  Armory  
  89  11:23  Medivac  
  90  11:34  Marine x2  
  90  11:35  Marine  
  90  11:37  SCV x4, Refinery  
  90  11:38  Refinery, Starport  
  96  11:49  SCV  
  44  12:23  Starport Tech Lab  
Show
View Real Time Build Order
Export as new Build Order

Shasta Terran - Winner!

Build Orders: Bio Tank 

Get SALT Encoding   

  12  0:01  SCV  
  13  0:13  SCV  
  14  0:17  Supply Depot  
  14  0:25  SCV  
  15  0:39  SCV  
  15  0:42  Barracks  
  16  0:48  Refinery  
  16  0:51  SCV  
  17  1:03  SCV  
  18  1:15  SCV  
  19  1:28  Orbital Command  
  19  1:29  Marine  
  20  1:41  Command Center  
  20  1:47  Marine  
  20  1:52  Supply Depot  
  21  1:54  SCV  
  22  2:05  Marine  
  23  2:09  Factory  
  23  2:13  SCV  
  24  2:23  Marine  
  24  2:29  SCV  
  26  2:32  Supply Depot  
  26  2:43  Barracks Tech Lab  
  26  2:45  SCV  
  27  2:54  Factory Tech Lab  
  27  2:57  SCV  
  28  3:02  Marauder  
  28  3:03  Concussive Shells  
  31  3:06  Orbital Command  
  31  3:09  SCV  
  31  3:17  Refinery  
  31  3:21  SCV  
  31  3:27  Marauder  
  31  3:33  SCV  
  34  3:34  Siege Tank  
  34  3:36  SCV  
  38  3:45  SCV  
  38  3:48  SCV  
  40  3:53  Marine  
  41  3:57  SCV  
  41  4:00  SCV  
  41  4:02  Command Center  
  43  4:09  SCV  
  42  4:12  SCV  
  42  4:17  Siege Tank, Marine  
  42  4:22  SCV  
  47  4:24  SCV  
  47  4:25  Refinery  
  47  4:27  Refinery  
  48  4:36  SCV  
  48  4:37  SCV  
  49  4:41  Marine  
  49  4:42  Supply Depot, Stimpack  
  49  4:44  Supply Depot  
  48  4:48  SCV  
  48  4:49  SCV  
  45  5:01  SCV x2  
  45  5:02  Marauder  
  45  5:03  Siege Tank  
  52  5:13  SCV x2  
  54  5:20  Barracks  
  54  5:21  Barracks  
  54  5:22  Barracks  
  54  5:24  Marauder  
  54  5:25  SCV x2  
  58  5:35  Siege Tank  
  61  5:37  SCV x2  
  63  5:47  Engineering Bay  
  63  5:48  Engineering Bay, Orbital Command  
  63  5:49  SCV x2  
  65  5:58  Marauder  
  67  6:06  SCV x2  
  67  6:07  Siege Tank  
  72  6:11  Barracks Reactor  
  72  6:12  Barracks Reactor, Barracks Tech Lab, Starport  
  72  6:15  SCV  
  72  6:18  SCV x2  
  75  6:27  SCV  
  75  6:29  Marine  
  75  6:30  SCV x2  
  79  6:32  Terran Infantry Weapons Level 1  
  79  6:33  Terran Infantry Armor Level 1  
  79  6:39  SCV  
  80  6:51  Marine x3, Marauder x2  
  80  6:52  Starport Reactor, Marine  
  86  7:09  Marine x3  
  86  7:12  SCV x3  
  92  7:24  SCV  
  92  7:28  Orbital Command  
  92  7:31  Siege Tank  
  92  7:33  SCV, Marauder  
  92  7:35  Marine  
  92  7:36  Marine x2  
  93  7:41  Marine  
  93  7:42  Medivac  
  93  7:55  Missile Turret  
  93  7:57  Missile Turret  
  93  7:58  Missile Turret  
  93  7:59  Missile Turret  
  93  8:00  Missile Turret x2  
  93  8:02  Missile Turret  
  93  8:03  Missile Turret  
  93  8:06  Supply Depot x2  
  93  8:22  Refinery  
  93  8:23  SCV x3, Siege Tank, Marine x2  
  93  8:24  Missile Turret  
  93  8:26  Supply Depot  
  101  8:27  Supply Depot, Marauder, Refinery, Medivac  
  105  8:35  SCV x2  
  106  8:58  SCV  
  106  8:59  SCV x2  
  106  9:02  Siege Tank  
  112  9:04  Command Center  
  112  9:05  Medivac x2  
  112  9:07  Marine x2  
  112  9:08  Marine x3  
  121  9:29  Starport  
  121  9:30  Marine x4  
  121  9:31  Factory, Marine x2  
  126  9:32  Combat Shields  
  126  9:34  Siege Tank  
  130  9:48  Marine  
  131  10:05  Marine x2  
  133  10:13  SCV x3, Medivac x2, Marine x4  
  144  10:15  Supply Depot  
  144  10:16  Factory Tech Lab, Starport Reactor, Supply Depot  
  144  10:17  Supply Depot  
  126  10:47  Siege Tank x2  
  132  10:51  Marine x2  
  132  10:52  Marine x4  
  132  10:54  Medivac x2  
  132  10:57  Command Center  
  139  11:02  Medivac x2  
  139  11:09  Marine x4  
  139  11:10  Marine x2  
  137  11:19  Siege Tank x2  
  137  11:24  Medivac x2  
  139  11:27  Marine x6  
  145  11:45  SCV, Marine x6  
  152  11:51  Siege Tank x2  
  152  11:54  Medivac x2  
  162  12:03  Marine x6  
Tags
 
Add a new tag
Caveats
  • Supply blocks, unpowered buildings, or Contaminate may cause inaccurate times.
  • Supply counts are checked every 10 seconds.